[Event "Croatian-ch Youth U13 2022"]
[Site "Trogir"]
[Date "2022.06.22"]
[Round "1.1"]
[White "Pehar, Borna"]
[Black "Biondic, Slavko"]
[Result "1-0"]
[ECO "B76"]
[WhiteElo "1756"]
[BlackElo "1017"]
[Annotator "NA RC"]
[PlyCount "35"]
[EventDate "2022.06.22"]
[EventType "swiss"]
[EventCountry "CRO"]
[SourceTitle "playchess.com"]
[Source "ChessBase"]
[SourceQuality "1"]
[TimeControl "5400+30"]

1. e4 c5 2. Nf3 d6 3. d4 cxd4 4. Nxd4 Nf6 5. Nc3 g6 6. Be3 Bg7 7. f3 O-O 8. Qd2 Re8 9. O-O-O Bd7 10. g4 Bc6 11. h4 Qc8 12. h5 a6 13. hxg6 fxg6 14. Bc4+ Kh8 15. g5 Nfd7 16. Rxh7+ Kxh7 17. Qh2+ Bh6 18. Qxh6# 1-0

[Event "Croatian-ch Youth U13 2022"]
[Site "Trogir"]
[Date "2022.06.22"]
[Round "2.1"]
[White "Majerovic, Mislav"]
[Black "Pehar, Borna"]
[Result "0-1"]
[ECO "D91"]
[WhiteElo "1270"]
[BlackElo "1756"]
[Annotator "NA RC"]
[PlyCount "60"]
[EventDate "2022.06.22"]
[EventType "swiss"]
[EventCountry "CRO"]
[SourceTitle "playchess.com"]
[Source "ChessBase"]
[SourceQuality "1"]
[TimeControl "5400+30"]

1. c4 Nf6 2. Nc3 g6 3. d4 d5 4. Nf3 Bg7 5. Bg5 Ne4 6. e3 Nxg5 7. Nxg5 e5 8. Nf3 exd4 9. exd4 dxc4 10. Bxc4 O-O 11. O-O Bg4 12. d5 Nd7 13. h3 Ne5 14. Be2 Bxf3 15. Bxf3 Nc4 16. Qe2 Nd6 17. Rac1 Re8 18. Qd3 h5 19. b3 Qd7 20. Rfe1 a6 21. Na4 Qb5 22. Nc5 Rxe1+ 23. Rxe1 Qxc5 24. Re7 Nf5 25. Re1 Bd4 26. Re2 Qc1+ 27. Kh2 h4 28. Rc2 Qf4+ 29. Kh1 Re8 30. Re2 Be5 0-1

[Event "Croatian-ch Youth U13 2022"]
[Site "Trogir"]
[Date "2022.06.22"]
[Round "2.2"]
[White "Poljan, Max"]
[Black "Juric, Vito"]
[Result "1-0"]
[ECO "B33"]
[WhiteElo "1618"]
[BlackElo "1230"]
[Annotator "NA RC"]
[PlyCount "69"]
[EventDate "2022.06.22"]
[EventType "swiss"]
[EventCountry "CRO"]
[SourceTitle "playchess.com"]
[Source "ChessBase"]
[SourceQuality "1"]
[TimeControl "5400+30"]

1. e4 c5 2. Nf3 Nc6 3. d4 cxd4 4. Nxd4 Nf6 5. Nc3 e5 6. Ndb5 d6 7. Nd5 Nxd5 8. exd5 Nb8 9. a4 Bf5 10. Be2 a6 11. Na3 Nd7 12. O-O Be7 13. Be3 O-O 14. c3 h6 15. Nc4 Rb8 16. a5 Re8 17. b4 Qc7 18. Qb3 e4 19. Nb6 Nxb6 20. Bxb6 Qd7 21. c4 Rbc8 22. Rac1 Bd8 23. c5 Bxb6 24. axb6 dxc5 25. bxc5 Red8 26. Rfd1 Qe7 27. c6 a5 28. c7 Rd7 29. Ba6 Rd6 30. Bxb7 Qe8 31. Bxc8 Bxc8 32. b7 Bxb7 33. Qxb7 Kh7 34. c8=Q Qxc8 35. Qxc8 1-0

[Event "Croatian-ch Youth U13 2022"]
[Site "Trogir"]
[Date "2022.06.22"]
[Round "2.3"]
[White "Ercegovic, Josip"]
[Black "Tadic, Jure"]
[Result "0-1"]
[ECO "C52"]
[WhiteElo "1198"]
[BlackElo "1565"]
[Annotator "NA RC"]
[PlyCount "60"]
[EventDate "2022.06.22"]
[EventType "swiss"]
[EventCountry "CRO"]
[SourceTitle "playchess.com"]
[Source "ChessBase"]
[SourceQuality "1"]
[TimeControl "5400+30"]

1. e4 e5 2. Nf3 Nc6 3. Bc4 Bc5 4. b4 Bxb4 5. c3 Ba5 6. O-O Nf6 7. Re1 O-O 8. d4 exd4 9. Nxd4 Nxd4 10. Qxd4 d6 11. Bg5 h6 12. Bh4 g5 13. Bg3 Nh5 14. Re3 Bb6 15. Qd3 Bxe3 16. Qxe3 Nxg3 17. Qxg3 Qf6 18. Nd2 Be6 19. Bb3 Rad8 20. Rf1 Qf4 21. Qd3 Bxb3 22. axb3 c6 23. g3 Qf6 24. c4 d5 25. cxd5 cxd5 26. Qe3 dxe4 27. Nxe4 Qd4 28. Qxd4 Rxd4 29. Re1 Kg7 30. g4 Re8 0-1

[Event "Croatian-ch Youth U13 2022"]
[Site "Trogir"]
[Date "2022.06.22"]
[Round "2.4"]
[White "Delibasic, Dominik"]
[Black "Matkovic, Mihael"]
[Result "1-0"]
[ECO "C78"]
[WhiteElo "1523"]
[BlackElo "1215"]
[Annotator "NA RC"]
[PlyCount "47"]
[EventDate "2022.06.22"]
[EventType "swiss"]
[EventCountry "CRO"]
[SourceTitle "playchess.com"]
[Source "ChessBase"]
[SourceQuality "1"]
[TimeControl "5400+30"]

1. e4 e5 2. Nf3 Nc6 3. Bb5 a6 4. Ba4 Nf6 5. O-O Bc5 6. Nxe5 Nxe4 7. Qe2 Nxe5 8. Qxe4 Qe7 9. d4 Bxd4 10. Qxd4 O-O 11. Bf4 Ng6 12. Bxc7 Re8 13. Nc3 b5 14. Bb3 Bb7 15. Bd6 Qg5 16. Bg3 h5 17. h4 Qf5 18. Rfe1 Ne7 19. Re5 Qg6 20. Rae1 Qc6 21. Bd5 Nxd5 22. Rxe8+ Rxe8 23. Rxe8+ Kh7 24. Qxd5 1-0

[Event "Croatian-ch Youth U13 2022"]
[Site "Trogir"]
[Date "2022.06.22"]
[Round "2.5"]
[White "Rehak, Bozidar"]
[Black "Petrus, Adrian"]
[Result "0-1"]
[ECO "A46"]
[WhiteElo "1186"]
[BlackElo "1526"]
[Annotator "NA RC"]
[PlyCount "88"]
[EventDate "2022.06.22"]
[EventType "swiss"]
[EventCountry "CRO"]
[SourceTitle "playchess.com"]
[Source "ChessBase"]
[SourceQuality "1"]
[TimeControl "5400+30"]

1. d4 Nf6 2. Bf4 e6 3. Nf3 Be7 4. e3 Nh5 5. Bg3 Nxg3 6. hxg3 b6 7. Nbd2 Bb7 8. Bd3 d6 9. Qe2 h6 10. a3 Nd7 11. O-O-O c5 12. Rhg1 d5 13. Bb5 c4 14. Ne5 Bc8 15. Qf3 O-O 16. Bxd7 Bxd7 17. Rh1 c3 18. Nb3 cxb2+ 19. Kxb2 Ba4 20. Qg4 Qd6 21. Ra1 f5 22. Qf3 Rac8 23. Ng6 Qc7 24. Nxe7+ Qxe7 25. Qf4 Qd7 26. Rac1 Qc6 27. c3 Rf7 28. Rxh6 gxh6 29. Qxh6 Bxb3 30. Kxb3 a5 31. Rh1 a4+ 32. Ka2 Rg7 33. Qh8+ Kf7 34. Qh5+ Ke7 35. Qh4+ Kd7 36. Qf6 Re7 37. Qe5 Qc4+ 38. Ka1 Qxc3+ 39. Ka2 Qb3+ 40. Ka1 Rc2 41. Qxe6+ Kxe6 42. Rh6+ Kd7 43. Rd6+ Kxd6 44. e4 Qb2# 0-1

[Event "Croatian-ch Youth U13 2022"]
[Site "Trogir"]
[Date "2022.06.22"]
[Round "2.6"]
[White "Kresic, Vid"]
[Black "Perdic, Arijan"]
[Result "1-0"]
[ECO "D37"]
[WhiteElo "1459"]
[BlackElo "1149"]
[Annotator "NA RC"]
[PlyCount "95"]
[EventDate "2022.06.22"]
[EventType "swiss"]
[EventCountry "CRO"]
[SourceTitle "playchess.com"]
[Source "ChessBase"]
[SourceQuality "1"]
[TimeControl "5400+30"]

1. e4 c6 2. d4 d5 3. exd5 cxd5 4. c4 Nf6 5. Nc3 e6 6. Nf3 Be7 7. Bf4 Nc6 8. cxd5 Nxd5 9. Nxd5 Qxd5 10. Be2 O-O 11. O-O b6 12. b3 Bf6 13. Be5 Bxe5 14. dxe5 Rd8 15. Qxd5 Rxd5 16. Rfd1 Ne7 17. Bc4 Rxd1+ 18. Rxd1 Bb7 19. Rd7 Bxf3 20. Rxe7 Kf8 21. Rd7 Ke8 22. Bb5 a6 23. Rd3+ axb5 24. gxf3 Rxa2 25. Kg2 Re2 26. f4 g5 27. fxg5 Rxe5 28. f4 Rd5 29. Rxd5 exd5 30. Kf3 Ke7 31. Ke3 Ke6 32. Kd4 Kf5 33. Kxd5 Kxf4 34. h4 Kg4 35. Ke5 Kxh4 36. Kf5 Kh5 37. b4 h6 38. gxh6 Kxh6 39. Kf6 Kh5 40. Kxf7 Kg5 41. Ke6 Kf4 42. Kd5 Ke3 43. Kc6 Kd4 44. Kxb6 Kd5 45. Kxb5 Kd6 46. Kb6 Kd7 47. Kb7 Kd8 48. b5 1-0

[Event "Croatian-ch Youth U13 2022"]
[Site "Trogir"]
[Date "2022.06.22"]
[Round "2.7"]
[White "Radalj, Niko"]
[Black "Miletic, Ivan"]
[Result "1-0"]
[ECO "B30"]
[WhiteElo "1179"]
[BlackElo "1461"]
[Annotator "NA RC"]
[PlyCount "67"]
[EventDate "2022.06.22"]
[EventType "swiss"]
[EventCountry "CRO"]
[SourceTitle "playchess.com"]
[Source "ChessBase"]
[SourceQuality "1"]
[TimeControl "5400+30"]

1. e4 c5 2. Nf3 Nc6 3. Nc3 g6 4. Bc4 Bg7 5. d3 d6 6. O-O Nf6 7. Be3 O-O 8. h3 a6 9. a3 b5 10. Ba2 Bb7 11. Nh2 Nd4 12. Bxd4 cxd4 13. Ne2 e5 14. f4 Rc8 15. f5 d5 16. fxg6 hxg6 17. exd5 Nxd5 18. Bxd5 Qxd5 19. Rf2 Bh6 20. Ng4 Bg5 21. Qf1 f5 22. h4 Bxh4 23. Nh6+ Kg7 24. Rf3 Kxh6 25. Rh3 g5 26. g3 Rg8 27. Kh2 Kh5 28. gxh4 gxh4 29. Qxf5+ Rg5 30. Ng3+ Kh6 31. Qf6+ Kh7 32. Rxh4+ Rh5 33. Rxh5+ Kg8 34. Rh8# 1-0

[Event "Croatian-ch Youth U13 2022"]
[Site "Trogir"]
[Date "2022.06.22"]
[Round "2.8"]
[White "Mandaric, Duje"]
[Black "Brnadic, Grga"]
[Result "1-0"]
[ECO "B22"]
[WhiteElo "1333"]
[BlackElo "1087"]
[Annotator "NA RC"]
[PlyCount "79"]
[EventDate "2022.06.22"]
[EventType "swiss"]
[EventCountry "CRO"]
[SourceTitle "playchess.com"]
[Source "ChessBase"]
[SourceQuality "1"]
[TimeControl "5400+30"]

1. e4 c5 2. c3 d6 3. d4 Nf6 4. dxc5 Nc6 5. cxd6 Nxe4 6. Nf3 Nxd6 7. Be2 g6 8. O-O Bg7 9. Be3 Bf5 10. Re1 O-O 11. Nbd2 Ne4 12. Nxe4 Bxe4 13. Rc1 Qxd1 14. Rexd1 Rfd8 15. Nd4 Nxd4 16. cxd4 Rdc8 17. f3 Bf5 18. g4 Bd7 19. b3 Rxc1 20. Rxc1 Rc8 21. Rc4 Rxc4 22. Bxc4 Bc6 23. d5 Bd7 24. Bxa7 Kf8 25. a4 Ke8 26. Kf2 Be5 27. h3 Bd6 28. Ke3 Kd8 29. Bb6+ Kc8 30. Kd4 f6 31. Ke4 f5+ 32. Kd4 fxg4 33. hxg4 Bc7 34. Bxc7 Kxc7 35. g5 Kd6 36. f4 Bf5 37. a5 Bc8 38. Bb5 Bd7 39. Bxd7 Kxd7 40. Ke5 1-0

[Event "Croatian-ch Youth U13 2022"]
[Site "Trogir"]
[Date "2022.06.22"]
[Round "2.9"]
[White "Paulic, Franka"]
[Black "Hajdinic, Ema"]
[Result "0-1"]
[ECO "B45"]
[WhiteElo "1067"]
[BlackElo "1535"]
[Annotator "NA RC"]
[PlyCount "122"]
[EventDate "2022.06.22"]
[EventType "swiss"]
[EventCountry "CRO"]
[SourceTitle "playchess.com"]
[Source "ChessBase"]
[SourceQuality "1"]
[TimeControl "5400+30"]

1. e4 c5 2. Nf3 e6 3. Nc3 Nc6 4. d4 cxd4 5. Nxd4 Nf6 6. Nxc6 bxc6 7. e5 Nd5 8. Ne4 Qc7 9. f4 Bb4+ 10. Bd2 Qb6 11. c3 Be7 12. Rb1 Ne3 13. Qc1 Nxf1 14. Rxf1 Ba6 15. Rf2 Bd3 16. Be3 Qb8 17. Ra1 Bxe4 18. Qd1 Qb5 19. Rd2 O-O 20. Qg4 Bc5 21. Bd4 Bxd4 22. cxd4 Qd5 23. b3 Bf5 24. Qg3 Qe4+ 25. Kf1 f6 26. Re1 Qd5 27. Qc3 Qb5+ 28. Kg1 Rab8 29. h3 Rbc8 30. g4 Bg6 31. Rf2 f5 32. g5 c5 33. Qd2 Qb4 34. Qxb4 cxb4 35. Rd2 Rc3 36. Kg2 Rfc8 37. Ree2 Bh5 38. Rf2 Re3 39. Rc2 Rcc3 40. h4 Rxc2 41. Rxc2 Re2+ 42. Rxe2 Bxe2 43. Kf2 Bb5 44. Ke3 Kf7 45. Kd2 Kg6 46. Kc2 Kh5 47. Kb2 Kxh4 48. a3 a5 49. axb4 axb4 50. Kc2 Kg4 51. Kd2 h6 52. Ke1 hxg5 53. fxg5 Kxg5 54. Kf2 Kh4 55. Kg2 g5 56. Kh2 f4 57. d5 f3 58. d6 f2 59. Kg2 f1=Q+ 60. Kh2 Qf2+ 61. Kh1 Bc6# 0-1

[Event "Croatian-ch Youth U13 2022"]
[Site "Trogir"]
[Date "2022.06.22"]
[Round "2.10"]
[White "Zagorac, Lara"]
[Black "Fiolic, Ivana"]
[Result "1-0"]
[ECO "D02"]
[WhiteElo "1482"]
[BlackElo "1053"]
[Annotator "NA RC"]
[PlyCount "93"]
[EventDate "2022.06.22"]
[EventType "swiss"]
[EventCountry "CRO"]
[SourceTitle "playchess.com"]
[Source "ChessBase"]
[SourceQuality "1"]
[TimeControl "5400+30"]

1. d4 d5 2. Nf3 Nf6 3. Bf4 e6 4. e3 c5 5. Nbd2 Nc6 6. c3 Be7 7. Bd3 O-O 8. O-O b6 9. e4 dxe4 10. Nxe4 cxd4 11. Nxd4 Bb7 12. Nxf6+ Bxf6 13. Nxc6 Bxc6 14. Qc2 h6 15. Rad1 Qe7 16. Bd6 Qe8 17. Bxf8 Qxf8 18. Be4 Bxe4 19. Qxe4 Rd8 20. Qe2 Rxd1 21. Rxd1 Qc5 22. Qe3 Qxe3 23. fxe3 Kf8 24. Rd7 a5 25. Rd1 Ke7 26. Kf2 Bg5 27. Rd3 f5 28. Ke2 g6 29. g3 h5 30. b4 axb4 31. cxb4 h4 32. a4 hxg3 33. hxg3 Ke8 34. Rd6 Kf7 35. Rxb6 e5 36. a5 Bd8 37. Rb7+ Kf6 38. a6 g5 39. a7 f4 40. a8=Q Be7 41. Qe8 fxg3 42. Rxe7 Kf5 43. Rxe5+ Kf6 44. Qe6+ Kg7 45. Rf5 Kh8 46. Qe7 g4 47. Rf8# 1-0

[Event "Croatian-ch Youth U13 2022"]
[Site "Trogir"]
[Date "2022.06.23"]
[Round "3.1"]
[White "Pehar, Borna"]
[Black "Mandaric, Duje"]
[Result "1-0"]
[ECO "B13"]
[WhiteElo "1756"]
[BlackElo "1333"]
[Annotator "NA RC"]
[PlyCount "73"]
[EventDate "2022.06.22"]
[EventType "swiss"]
[EventCountry "CRO"]
[SourceTitle "playchess.com"]
[Source "ChessBase"]
[SourceQuality "1"]
[TimeControl "5400+30"]

1. e4 c6 2. d4 d5 3. exd5 cxd5 4. Bd3 Nc6 5. c3 Qc7 6. Ne2 e6 7. Bf4 Bd6 8. Bxd6 Qxd6 9. O-O Nf6 10. Nd2 a6 11. a4 O-O 12. a5 Qc7 13. b4 Nd7 14. Qc2 h6 15. f4 b6 16. Nb3 Bb7 17. axb6 Qxb6 18. Nc5 Nxc5 19. bxc5 Qc7 20. Rfb1 a5 21. Rb6 Rfb8 22. Qa4 Ne7 23. Rab1 g6 24. Qb5 Ra7 25. c6 Nxc6 26. Rxc6 Qxc6 27. Qxc6 Bxc6 28. Rxb8+ Kg7 29. Rb6 Bb7 30. Rb3 a4 31. Ra3 Bc6 32. Kf2 Rb7 33. Bc2 Rb5 34. Rxa4 Rb2 35. Ra6 Bb5 36. Rb6 Rxc2 37. Rxb5 1-0

[Event "Croatian-ch Youth U13 2022"]
[Site "Trogir"]
[Date "2022.06.23"]
[Round "3.2"]
[White "Solin, Borna"]
[Black "Poljan, Max"]
[Result "0-1"]
[ECO "D00"]
[WhiteElo "1324"]
[BlackElo "1618"]
[Annotator "NA RC"]
[PlyCount "102"]
[EventDate "2022.06.22"]
[EventType "swiss"]
[EventCountry "CRO"]
[SourceTitle "playchess.com"]
[Source "ChessBase"]
[SourceQuality "1"]
[TimeControl "5400+30"]

1. d4 Nf6 2. Nc3 d5 3. Bf4 e6 4. e3 a6 5. Nf3 c5 6. Ne5 Nc6 7. Nxc6 bxc6 8. Be2 cxd4 9. exd4 c5 10. O-O Bd7 11. Re1 Qb6 12. Bf3 Bc6 13. Be5 Rd8 14. Rb1 cxd4 15. Bxd4 Bc5 16. Bxc5 Qxc5 17. Qd3 a5 18. Rbd1 O-O 19. Qd4 Qxd4 20. Rxd4 Rfe8 21. Rdd1 Rb8 22. Rb1 Rec8 23. a3 d4 24. Ne4 Nxe4 25. Bxe4 Bxe4 26. Rxe4 d3 27. cxd3 Rxb2 28. Ree1 Rd2 29. Rb3 g6 30. Rf1 Ra2 31. d4 Rc4 32. Rd1 Rxd4 33. Rf1 Ra4 34. Rb8+ Kg7 35. Rb5 R4xa3 36. g3 Ra1 37. Kg2 a4 38. Ra5 Rxf1 39. Kxf1 Ra1+ 40. Ke2 a3 41. Kf3 a2 42. h4 h5 43. Kf4 Kf6 44. f3 e5+ 45. Rxe5 Rb1 46. g4 a1=Q 47. g5+ Kg7 48. Re7 Qd4+ 49. Kg3 Rg1+ 50. Kh2 Qf2+ 51. Kh3 Qg3# 0-1

[Event "Croatian-ch Youth U13 2022"]
[Site "Trogir"]
[Date "2022.06.23"]
[Round "3.3"]
[White "Tadic, Jure"]
[Black "Radalj, Niko"]
[Result "1/2-1/2"]
[ECO "B90"]
[WhiteElo "1565"]
[BlackElo "1179"]
[Annotator "NA RC"]
[PlyCount "60"]
[EventDate "2022.06.22"]
[EventType "swiss"]
[EventCountry "CRO"]
[SourceTitle "playchess.com"]
[Source "ChessBase"]
[SourceQuality "1"]
[TimeControl "5400+30"]

1. e4 c5 2. Nf3 d6 3. d4 cxd4 4. Nxd4 Nf6 5. Nc3 a6 6. f3 e5 7. Nb3 Be6 8. Be3 h5 9. Nd5 Bxd5 10. exd5 Nbd7 11. Qd2 g6 12. Be2 Bg7 13. O-O b6 14. c4 O-O 15. Bh6 a5 16. Bxg7 Kxg7 17. f4 exf4 18. Qxf4 Qe7 19. Rae1 Ne5 20. Nd4 Rac8 21. Qg5 Qd8 22. Nf5+ Kg8 23. Nxd6 Qxd6 24. Rxf6 Qc5+ 25. Kh1 Rce8 26. Rg1 Nd7 27. Rc6 Qf2 28. Bd3 Ne5 29. Bxg6 Nxg6 30. Rxg6+ fxg6 1/2-1/2

[Event "Croatian-ch Youth U13 2022"]
[Site "Trogir"]
[Date "2022.06.23"]
[Round "3.4"]
[White "Radic, Borna"]
[Black "Delibasic, Dominik"]
[Result "1/2-1/2"]
[ECO "E46"]
[WhiteElo "1289"]
[BlackElo "1523"]
[Annotator "NA RC"]
[PlyCount "83"]
[EventDate "2022.06.22"]
[EventType "swiss"]
[EventCountry "CRO"]
[SourceTitle "playchess.com"]
[Source "ChessBase"]
[SourceQuality "1"]
[TimeControl "5400+30"]

1. d4 Nf6 2. c4 e6 3. Nc3 Bb4 4. e3 d5 5. Bd2 O-O 6. a3 Bxc3 7. Bxc3 b6 8. Nf3 Nbd7 9. cxd5 exd5 10. Bd3 c5 11. O-O h6 12. Qc2 Bb7 13. Rac1 Rc8 14. Qe2 Ne4 15. Nd2 Ndf6 16. Nxe4 Nxe4 17. Bxe4 dxe4 18. Rfd1 Qe8 19. dxc5 bxc5 20. Qg4 g6 21. Qf4 Kh7 22. h4 Rc6 23. Qe5 Qxe5 24. Bxe5 Ba6 25. Rd6 Rfc8 26. Rxc6 Rxc6 27. Bb8 Bd3 28. Bxa7 c4 29. Bd4 Ra6 30. Kh2 f5 31. Ra1 Bc2 32. Rc1 Bd3 33. Rc3 g5 34. hxg5 hxg5 35. Bc5 Rc6 36. Bb4 f4 37. exf4 gxf4 38. Rc1 e3 39. fxe3 fxe3 40. Re1 e2 41. Bc3 Kg6 42. Kg3 1/2-1/2

[Event "Croatian-ch Youth U13 2022"]
[Site "Trogir"]
[Date "2022.06.23"]
[Round "3.5"]
[White "Petrus, Adrian"]
[Black "Hranilovic, Renato"]
[Result "1-0"]
[ECO "B51"]
[WhiteElo "1526"]
[BlackElo "1104"]
[Annotator "NA RC"]
[PlyCount "101"]
[EventDate "2022.06.22"]
[EventType "swiss"]
[EventCountry "CRO"]
[SourceTitle "playchess.com"]
[Source "ChessBase"]
[SourceQuality "1"]
[TimeControl "5400+30"]

1. e4 c5 2. Nf3 Nc6 3. Bb5 d6 4. c4 e5 5. h3 f5 6. Nc3 Nf6 7. exf5 Bxf5 8. d3 g6 9. Bg5 Bg7 10. O-O O-O 11. Ne4 h6 12. Nxf6+ Bxf6 13. Bxh6 Rf7 14. Qd2 Rh7 15. Bg5 Bxg5 16. Nxg5 Rh5 17. Bxc6 bxc6 18. Ne4 Bxe4 19. dxe4 g5 20. Rad1 Rb8 21. b3 Rh6 22. Qe3 Kg7 23. Rd2 Kh7 24. Qg3 Qf6 25. Rfd1 Rd8 26. Rd3 Qg6 27. Qe3 Qh5 28. g4 Qg6 29. Kg2 Rh4 30. Re1 Rf8 31. Qd2 Rf6 32. Qa5 Qf7 33. Re2 Qb7 34. Qd8 Rhh6 35. Red2 Qf7 36. Rxd6 Rf3 37. Rxh6+ Kxh6 38. Qh8+ Kg6 39. Rd6+ Rf6 40. Qh5+ Kg7 41. Qxg5+ Rg6 42. Qxe5+ Rf6 43. g5 Qg6 44. Qxf6+ Qxf6 45. Rxf6 a5 46. e5 a4 47. e6 axb3 48. axb3 Kg8 49. Rf7 Kh8 50. e7 Kg8 51. e8=Q# 1-0

[Event "Croatian-ch Youth U13 2022"]
[Site "Trogir"]
[Date "2022.06.23"]
[Round "3.9"]
[White "Hajdinic, Ema"]
[Black "Zagar, Lara Marija"]
[Result "1-0"]
[ECO "B22"]
[WhiteElo "1535"]
[BlackElo "1272"]
[Annotator "NA RC"]
[PlyCount "83"]
[EventDate "2022.06.22"]
[EventType "swiss"]
[EventCountry "CRO"]
[SourceTitle "playchess.com"]
[Source "ChessBase"]
[SourceQuality "1"]
[TimeControl "5400+30"]

1. e4 c5 2. c3 d6 3. d4 Nd7 4. Nf3 g6 5. Be3 Bg7 6. Bb5 a6 7. Bxd7+ Bxd7 8. dxc5 dxc5 9. Bxc5 Qc7 10. Bd4 e5 11. Be3 Nf6 12. O-O Nxe4 13. Re1 f5 14. Qb3 b5 15. Nbd2 Nc5 16. Qd5 Rc8 17. Nxe5 Be6 18. Qxc5 Bxe5 19. Qxc7 Rxc7 20. Nf3 Bf6 21. Nd4 Re7 22. Nxe6 Rxe6 23. Bc5 Kf7 24. Rxe6 Kxe6 25. Rd1 Be7 26. Re1+ Kd5 27. Bxe7 Re8 28. Kf1 Kc6 29. Bg5 Rh8 30. Re7 h6 31. Bf6 Rg8 32. Ke2 h5 33. Bg5 Kd5 34. Kd3 Kc5 35. Re6 a5 36. Re5+ Kc6 37. Kd4 Rg7 38. Re6+ Kd7 39. Kd5 b4 40. Ra6 bxc3 41. bxc3 Kc8 42. Rxa5 1-0

[Event "Croatian-ch Youth U13 2022"]
[Site "Trogir"]
[Date "2022.06.23"]
[Round "3.11"]
[White "Vucenovic, Diara"]
[Black "Car, Lana"]
[Result "1-0"]
[ECO "C50"]
[WhiteElo "1352"]
[BlackElo "1189"]
[Annotator "NA RC"]
[PlyCount "79"]
[EventDate "2022.06.22"]
[EventType "swiss"]
[EventCountry "CRO"]
[SourceTitle "playchess.com"]
[Source "ChessBase"]
[SourceQuality "1"]
[TimeControl "5400+30"]

1. e4 e5 2. Nf3 Nc6 3. Bc4 Bc5 4. Nc3 Nge7 5. d3 d6 6. Bd2 O-O 7. Qe2 Kh8 8. Ng5 h6 9. Nxf7+ Rxf7 10. Bxf7 Qf8 11. Bb3 Nd4 12. Qf1 Bg4 13. Be3 Nec6 14. Kd2 Qe7 15. f3 Rf8 16. Nd5 Qd7 17. c3 Nxf3+ 18. gxf3 Rxf3 19. Qg1 Bxe3+ 20. Nxe3 Bh3 21. Bd1 Rf6 22. Bg4 Bxg4 23. Qxg4 Rf2+ 24. Kc1 Qf7 25. Nf5 g6 26. Ne3 Ne7 27. Qh3 Kg7 28. Rf1 Qf4 29. Rxf2 Qxf2 30. Qg3 Qe2 31. Nd1 Ng8 32. h3 Nf6 33. Qe3 Qg2 34. Qxa7 Nh5 35. Qxb7 Kf6 36. a4 Nf4 37. Kb1 Nxd3 38. a5 Qd2 39. Qb3 Qc1+ 40. Ka2 1-0

[Event "Croatian-ch Youth U13 2022"]
[Site "Trogir"]
[Date "2022.06.24"]
[Round "4.1"]
[White "Poljan, Max"]
[Black "Pehar, Borna"]
[Result "1/2-1/2"]
[ECO "B33"]
[WhiteElo "1618"]
[BlackElo "1756"]
[Annotator "NA RC"]
[PlyCount "96"]
[EventDate "2022.06.22"]
[EventType "swiss"]
[EventCountry "CRO"]
[SourceTitle "playchess.com"]
[Source "ChessBase"]
[SourceQuality "1"]
[TimeControl "5400+30"]

1. e4 c5 2. Nf3 Nc6 3. d4 cxd4 4. Nxd4 Nf6 5. Nc3 e5 6. Ndb5 d6 7. Nd5 Nxd5 8. exd5 Ne7 9. c3 Nf5 10. a4 g6 11. Be2 Bg7 12. O-O O-O 13. Bd2 a6 14. Na3 Ne7 15. Be3 Rb8 16. Ba7 Ra8 17. Be3 Nf5 18. Bd2 Bd7 19. Nc4 b5 20. axb5 Bxb5 21. Ne3 Rc8 22. Bxb5 Nxe3 23. Bxe3 axb5 24. Qb3 f5 25. Qxb5 Rb8 26. Qe2 f4 27. Ba7 Rb7 28. f3 Qc7 29. Bf2 Rfb8 30. Ra2 Qf7 31. c4 g5 32. Rfa1 Qg6 33. h3 h5 34. Ra8 Rxa8 35. Rxa8+ Kh7 36. Ra1 e4 37. Qxe4 Rxb2 38. Qxg6+ Kxg6 39. Ra6 Be5 40. Bc5 Kf5 41. Bxd6 Bd4+ 42. Kf1 Rc2 43. Rc6 g4 44. hxg4+ hxg4 45. fxg4+ Ke4 46. Bxf4 Kxf4 47. g5 Bc3 48. g6 Kg3 1/2-1/2

[Event "Croatian-ch Youth U13 2022"]
[Site "Trogir"]
[Date "2022.06.24"]
[Round "4.2"]
[White "Delibasic, Dominik"]
[Black "Petrus, Adrian"]
[Result "0-1"]
[ECO "B92"]
[WhiteElo "1523"]
[BlackElo "1526"]
[Annotator "NA RC"]
[PlyCount "64"]
[EventDate "2022.06.22"]
[EventType "swiss"]
[EventCountry "CRO"]
[SourceTitle "playchess.com"]
[Source "ChessBase"]
[SourceQuality "1"]
[TimeControl "5400+30"]

1. e4 c5 2. Nf3 d6 3. d4 cxd4 4. Nxd4 Nf6 5. Nc3 a6 6. Be2 e5 7. Nb3 Be6 8. Be3 Be7 9. Qd2 O-O 10. O-O-O Nbd7 11. f3 b5 12. Kb1 Nb6 13. Bxb6 Qxb6 14. Nd5 Bxd5 15. exd5 a5 16. Qd3 a4 17. Nd2 Rfb8 18. h4 Nh5 19. Ne4 Nf4 20. Qd2 Ra7 21. Bf1 Nh5 22. Qf2 Qa5 23. Qd2 Qd8 24. Qf2 Qc7 25. Ng3 Nxg3 26. Qxg3 a3 27. Rd3 axb2 28. Kxb2 Bf6 29. Rb3 Rxa2+ 30. Kxa2 Qxc2+ 31. Ka3 Ra8+ 32. Kb4 Qc5# 0-1

[Event "Croatian-ch Youth U13 2022"]
[Site "Trogir"]
[Date "2022.06.24"]
[Round "4.3"]
[White "Lovrekovic, Leo"]
[Black "Tadic, Jure"]
[Result "1/2-1/2"]
[ECO "C68"]
[WhiteElo "1188"]
[BlackElo "1565"]
[Annotator "NA RC"]
[PlyCount "50"]
[EventDate "2022.06.22"]
[EventType "swiss"]
[EventCountry "CRO"]
[SourceTitle "playchess.com"]
[Source "ChessBase"]
[SourceQuality "1"]
[TimeControl "5400+30"]

1. e4 e5 2. Nf3 Nc6 3. Bb5 a6 4. Bxc6 dxc6 5. d4 exd4 6. Qxd4 Qxd4 7. Nxd4 Nf6 8. f3 Bd7 9. Nc3 O-O-O 10. Bd2 Bc5 11. Nde2 Be6 12. O-O-O Rd7 13. Bf4 Nh5 14. Rxd7 Bxd7 15. Bd2 Nf6 16. Na4 Ba7 17. b3 Rd8 18. Rd1 Be8 19. Nac3 h6 20. Bf4 Rxd1+ 21. Kxd1 Nh5 22. Bc1 g5 23. g4 Ng7 24. Bb2 Ne6 25. Nb1 Kd7 1/2-1/2

[Event "Croatian-ch Youth U13 2022"]
[Site "Trogir"]
[Date "2022.06.24"]
[Round "4.4"]
[White "Kresic, Vid"]
[Black "Radic, Borna"]
[Result "1-0"]
[ECO "D66"]
[WhiteElo "1459"]
[BlackElo "1289"]
[Annotator "NA COMBH"]
[PlyCount "119"]
[EventDate "2022.06.22"]
[EventType "swiss"]
[EventCountry "CRO"]
[SourceTitle "playchess.com"]
[Source "ChessBase"]
[SourceQuality "1"]
[TimeControl "5400+30"]

1. d4 d5 2. c4 e6 3. Nc3 Nf6 4. Bg5 Be7 5. e3 h6 6. Bh4 O-O 7. Nf3 c6 8. Bd3 dxc4 9. Bxc4 Nd5 10. Bxe7 Qxe7 11. O-O Nd7 12. Rc1 N7f6 13. a3 Rd8 14. Bxd5 exd5 15. h3 Bf5 16. b4 a6 17. Na4 Nd7 18. Nc5 Nxc5 19. bxc5 Qc7 20. Qb3 Bc8 21. Rb1 Re8 22. Qb6 Qxb6 23. Rxb6 f6 24. Rfb1 Re7 25. Nd2 Ra7 26. Nb3 Kf8 27. Na5 f5 28. Kf1 Kf7 29. Nb3 Kf6 30. Nc1 g6 31. Nd3 h5 32. Nb4 Kf7 33. Nd3 Kf6 34. Ne5 Kg7 35. f3 Kf6 36. Kf2 Kg7 37. g4 hxg4 38. hxg4 fxg4 39. fxg4 Re8 40. Rf1 Rf8+ 41. Kg2 Rxf1 42. Kxf1 Kf6 43. Kf2 Be6 44. Kg3 Bc8 45. Rb1 Kg7 46. Kf3 Be6 47. Nd3 Bd7 48. Kf4 Kf6 49. g5+ Ke7 50. Ne5 Bf5 51. Rh1 Kf8 52. Rh7 Kg8 53. Rc7 Ra8 54. Rxb7 Rf8 55. Kg3 Bc8 56. Rc7 Bf5 57. Ng4 Bxg4 58. Kxg4 Rf1 59. Rxc6 Ra1 60. Rxg6+ 1-0

[Event "Croatian-ch Youth U13 2022"]
[Site "Trogir"]
[Date "2022.06.24"]
[Round "4.6"]
[White "Horvat, Ivan"]
[Black "Mimica, Matija"]
[Result "1-0"]
[ECO "B18"]
[WhiteElo "1290"]
[BlackElo "1421"]
[Annotator "NA RC"]
[PlyCount "43"]
[EventDate "2022.06.22"]
[EventType "swiss"]
[EventCountry "CRO"]
[SourceTitle "playchess.com"]
[Source "ChessBase"]
[SourceQuality "1"]
[TimeControl "5400+30"]

1. e4 c6 2. d4 d5 3. Nc3 dxe4 4. Nxe4 Bf5 5. Ng3 Bg6 6. Nf3 Nd7 7. Bd3 Bxd3 8. Qxd3 Ngf6 9. Bf4 e6 10. O-O Be7 11. c4 O-O 12. a3 c5 13. d5 exd5 14. cxd5 Re8 15. Rad1 Nf8 16. d6 Ne6 17. Be5 Bf8 18. d7 Re7 19. Bxf6 gxf6 20. Nf5 Nf4 21. Nxe7+ Bxe7 22. Qe4 1-0